Map: Concord LE

Players

MattBarry

  • Race: Terran Terran
  • League: Gold
  • Spawn Location: 3:00

Alebay

  • Race: Protoss Protoss
  • Spawn Location: 3:00

zenzen

  • Race: Protoss Protoss
  • Spawn Location: 1:00

MattBarry

  • Race: Zerg Zerg
  • Spawn Location: 12:00

JERRYIAH - Winner!

  • Race: Terran Terran
  • Spawn Location: 6:00

Uniquecorn - Winner!

  • Race: Terran Terran
  • Spawn Location: 7:00

FagenLuck - Winner!

  • Race: Terran Terran
  • Spawn Location: 6:00

zergface - Winner!

  • Race: Zerg Zerg
  • Spawn Location: 9:00

VOD

Have the link to the VOD?

Description

Time

  • Played on: Jan. 18, 2023, 9:38 p.m.
  • Length: 9:29
Show
View Real Time Build Order
Export as new Build Order

MattBarry Terran 

Build Orders:  

Get SALT Encoding   

  12  0:00  SCV  
  13  0:12  SCV  
  14  0:18  Supply Depot  
  14  0:25  SCV  
  15  0:40  SCV  
  15  0:41  Barracks  
  16  0:46  Refinery  
  16  0:52  SCV  
  17  1:04  SCV  
  18  1:16  SCV  
  19  1:28  Orbital Command  
  19  1:29  Reaper  
  20  1:42  Refinery  
  20  1:45  Barracks  
  20  1:49  Bunker  
  20  1:55  SCV  
  21  2:07  SCV  
  21  2:08  Reaper  
  23  2:40  Supply Depot x2  
  23  3:01  Marine x2, SCV  
  23  3:02  Factory  
  26  3:13  SCV, Command Center  
  26  3:19  Marine x2  
  29  3:22  Engineering Bay  
  29  3:25  SCV  
  30  3:37  SCV  
  31  3:50  SCV  
  32  3:58  Reaper x2  
  32  4:00  Factory Tech Lab  
  32  4:02  Starport, SCV  
  35  4:07  Missile Turret x2  
  33  4:38  Cyclone  
  36  4:39  Starport Tech Lab  
  36  4:43  Reaper x2  
  38  5:04  SCV  
  39  5:12  Cyclone  
  42  5:14  Banshee  
  42  5:15  Cloaking Field  
  42  5:21  SCV  
  46  5:22  Orbital Command  
  46  5:25  Supply Depot  
  45  5:52  SCV  
  45  6:04  SCV  
  46  6:19  Siege Tank  
  46  6:20  Banshee  
  52  6:32  Supply Depot  
  52  6:33  Supply Depot  
  52  6:42  Orbital Command, Marine x2  
  54  6:56  SCV  
  54  6:59  Cyclone  
  58  7:03  Banshee  
  61  7:42  SCV  
  62  7:54  SCV  
  63  8:35  Banshee, Siege Tank  
  69  8:42  SCV x2  
  71  8:54  SCV x2  
  71  8:55  Factory x2  
  73  8:57  Factory  
Show
View Real Time Build Order
Export as new Build Order

Alebay Protoss 

Build Orders:  

Get SALT Encoding   

  12  0:00  Probe  
  13  0:12  Probe  
  14  0:19  Pylon  
  14  0:24  Probe  
  15  0:37  Probe  
  15  0:40  Gateway  
  16  0:47  Assimilator  
  16  0:49  Probe  
  17  1:01  Probe  
  18  1:06  Pylon  
  18  1:13  Assimilator, Probe  
  19  1:25  Probe  
  19  1:28  Cybernetics Core  
  20  1:36  Pylon  
  20  1:37  Probe  
  21  1:53  Probe  
  22  1:57  Pylon  
  22  2:15  Adept, Nexus  
  24  2:32  Gateway  
  24  2:35  Warp Gate (Chrono Boost)  
  24  2:46  Adept  
  26  3:08  Probe  
  27  3:20  Twilight Council, Probe  
  27  3:22  Adept x2  
  32  3:28  Probe  
  32  3:32  Pylon, Probe  
  34  3:35  Pylon  
  34  3:41  Probe  
  35  3:45  Probe  
  36  3:53  Probe  
  36  3:54  Forge  
  37  3:57  Probe  
  37  4:00  Resonating Glaives (Chrono Boost)  
  38  4:05  Probe  
  38  4:09  Probe  
  40  4:17  Probe  
  40  4:19  Adept x2  
  40  4:21  Probe  
  46  4:29  Probe  
  47  4:33  Probe  
  40  4:55  Adept x2  
  40  5:01  Photon Cannon  
  40  5:02  Probe  
  40  5:03  Photon Cannon, Probe  
  42  5:11  Gateway  
  42  5:13  Gateway  
  42  5:18  Adept x2  
  46  5:27  Protoss Ground Weapons Level 1 (Chrono Boost)  
  44  6:05  Adept  
  44  6:06  Adept  
  44  6:10  Probe x2  
  50  6:12  Adept x2  
  54  6:29  Assimilator  
  54  6:31  Assimilator  
  54  6:34  Adept x4  
  62  6:42  Photon Cannon  
  62  6:43  Photon Cannon  
  62  6:46  Photon Cannon  
  62  7:00  Adept x4  
  70  7:13  Pylon  
  70  7:16  Pylon  
  70  7:19  Pylon  
  70  7:22  Pylon  
  56  7:32  Adept  
  56  7:33  Adept x3  
  54  8:03  Adept x4  
  48  8:27  Adept x4  
  56  8:34  Pylon  
  56  8:37  Pylon  
  56  8:40  Pylon  
  56  8:43  Gateway  
  56  8:44  Gateway  
  56  8:48  Adept x4  
  64  9:04  Photon Cannon  
  64  9:06  Photon Cannon  
  64  9:07  Photon Cannon  
  64  9:10  Adept x3  
  64  9:11  Adept  
Show
View Real Time Build Order
Export as new Build Order

zenzen Protoss 

Build Orders:  

Get SALT Encoding   

  12  0:23  Pylon  
  12  0:28  Probe  
  13  0:40  Probe  
  14  0:52  Gateway, Probe  
  15  0:58  Assimilator  
  15  1:04  Probe  
  16  1:16  Probe  
  17  1:41  Pylon  
  17  1:44  Pylon  
  17  1:47  Pylon  
  17  2:00  Probe  
  18  2:04  Zealot  
  20  2:12  Probe  
  21  2:16  Cybernetics Core  
  21  2:23  Forge  
  21  2:27  Gateway  
  21  2:31  Zealot  
  21  2:34  Gateway  
  25  2:58  Zealot  
  25  3:00  Assimilator  
  25  3:12  Robotics Facility  
  25  3:18  Twilight Council  
  25  3:28  Probe  
  25  3:33  Stalker  
  28  3:40  Probe  
  29  3:52  Probe  
  30  4:03  Stalker  
  25  4:34  Pylon  
Show
View Real Time Build Order
Export as new Build Order

MattBarry Zerg 

Build Orders: 1 Base Baneling Bust, Pool First 

Get SALT Encoding   

  12  0:01  Drone  
  13  0:13  Overlord  
  13  0:21  Drone  
  14  0:32  Drone  
  15  0:41  Drone  
  16  0:51  Spawning Pool  
  16  0:54  Drone, Extractor  
  16  0:55  Drone  
  16  1:08  Drone  
  16  1:09  Drone  
  18  1:26  Drone  
  18  1:29  Overlord  
  19  1:45  Spine Crawler  
  19  1:46  Spine Crawler  
  17  1:48  Queen  
  17  1:49  Zergling x2, Spine Crawler  
  19  2:21  Zergling x6  
  22  2:34  Overlord  
  22  2:59  Drone  
  22  3:00  Metabolic Boost  
  22  3:04  Baneling Nest  
  22  3:37  Drone  
  22  3:38  Drone  
  22  3:40  Drone  
  25  4:13  Extractor  
  25  4:15  Drone x2  
  25  4:24  Zergling x2  
  25  4:25  Zergling x8  
  25  4:27  Overlord x2  
  24  4:56  Zergling x8  
  26  5:12  Zergling x2  
  27  5:16  Baneling x8  
  23  5:43  Zergling x10  
  27  5:52  Queen  
  25  6:26  Zergling x4  
  25  6:27  Zergling x2  
  27  6:51  Hatchery  
  24  7:03  Baneling  
  24  7:04  Baneling x5  
  24  7:06  Zergling x12  
  19  8:02  Spine Crawler  
  11  8:25  Queen  
  11  8:26  Drone x2  
  11  8:27  Drone  
  6  8:44  Drone  
Show
View Real Time Build Order
Export as new Build Order

JERRYIAH Terran - Winner!

Build Orders:  

Get SALT Encoding   

  12  0:02  SCV  
  13  0:19  Supply Depot  
  13  0:28  Engineering Bay  
  13  0:31  SCV  
  14  0:49  Barracks  
  14  0:51  SCV  
  15  1:03  SCV  
  16  1:10  Barracks  
  16  1:15  SCV  
  17  1:48  Barracks  
  17  1:51  SCV  
  17  1:52  Refinery  
  18  1:55  Refinery  
  18  2:03  Barracks, SCV  
  18  2:05  Marine  
  20  2:10  Marine  
  21  2:15  SCV  
  22  2:23  Marine  
  23  2:35  Supply Depot  
  23  2:49  Barracks Tech Lab  
  23  2:53  Barracks Reactor  
  23  2:56  Marine  
  23  2:57  Marine, SCV  
  26  3:00  Supply Depot  
  26  3:09  SCV  
  27  3:14  Marine x2  
  29  3:21  SCV  
  29  3:25  Marine  
  29  3:26  Supply Depot  
  31  3:30  Stimpack  
  31  3:32  Marine x2  
  33  3:42  Marine  
  34  3:55  Engineering Bay  
  34  3:56  Marine x4  
  34  4:00  Marine  
  39  4:14  Marine  
  33  5:23  Marine  
  33  5:24  Marine x4  
  33  5:26  Command Center  
  38  5:31  Command Center  
  37  5:41  Marine x2  
  37  5:42  Marine x3  
  38  5:56  Missile Turret  
  38  5:59  Marine x3  
  38  6:00  Marine x2  
  40  6:17  Marine x4  
  40  6:18  Marine  
  43  6:21  Combat Shield  
  43  6:32  Terran Infantry Weapons Level 1  
  43  6:35  Marine x4  
  47  6:49  Engineering Bay  
  47  7:00  Barracks Reactor  
  47  7:04  Barracks Reactor  
  47  7:06  Marine x3  
  50  7:13  SCV  
  51  7:18  SCV  
  52  7:24  Marine x3  
  54  7:30  SCV  
  55  7:42  Marine  
  48  8:13  Orbital Command  
  48  8:19  Missile Turret  
  48  8:20  Missile Turret  
  42  8:30  Missile Turret  
  42  8:31  SCV  
  42  8:32  Missile Turret  
  43  8:40  SCV  
  44  8:43  SCV  
  45  8:51  Missile Turret  
  45  8:52  SCV  
  47  8:55  SCV  
  47  9:02  Missile Turret  
  45  9:04  SCV  
  43  9:16  SCV  
  42  9:22  Missile Turret x2  
Show
View Real Time Build Order
Export as new Build Order

Uniquecorn Terran - Winner!

Build Orders:  

Get SALT Encoding   

  12  0:05  SCV  
  13  0:18  SCV  
  13  0:20  Supply Depot  
  14  0:30  SCV  
  15  0:42  SCV  
  16  0:54  SCV  
  16  0:55  Supply Depot  
  17  1:06  SCV  
  18  1:15  Barracks  
  18  1:17  Barracks  
  18  1:18  SCV  
  19  1:29  Engineering Bay  
  19  1:30  SCV  
  20  1:42  SCV  
  21  1:47  Refinery  
  21  1:54  Refinery  
  21  2:04  Marine x2  
  21  2:07  Barracks  
  23  2:16  Barracks  
  23  2:22  Marine  
  24  2:27  Supply Depot  
  23  2:31  SCV  
  23  2:43  SCV  
  24  2:44  Marine  
  24  2:45  Marine  
  26  3:02  Marine  
  26  3:04  Marine  
  28  3:10  Supply Depot  
  28  3:12  Terran Infantry Weapons Level 1  
  28  3:20  Marine  
  28  3:22  Marine  
  30  3:38  Marine  
  30  3:40  Marine  
  32  3:50  Marine  
  33  3:56  Marine  
  33  3:58  Marine  
  35  4:07  Marine  
  35  4:08  Supply Depot  
  36  4:14  Marine  
  36  4:15  Marine  
  38  4:23  Marine  
  39  4:25  Marine  
  40  4:31  Marine  
  40  4:33  Marine  
  42  4:41  Marine  
  42  4:43  Marine  
  44  4:49  Marine  
  44  4:51  Marine  
  44  4:59  Marine  
  45  5:01  Marine  
  46  5:07  Marine  
  46  5:09  Marine  
  47  5:17  Marine  
  47  5:19  Marine  
  49  5:25  Marine  
  49  5:27  Marine  
  51  5:35  Marine  
  48  5:37  Marine  
  34  5:43  Marine  
  34  5:44  Marine  
  35  5:52  Marine  
  35  5:54  Marine  
  34  6:00  Marine  
  34  6:02  Marine  
  33  6:10  Marine  
  34  6:12  Marine  
  34  6:14  SCV  
  36  6:18  Marine  
  36  6:20  Marine  
  38  6:26  SCV  
  38  6:28  Marine  
  38  6:30  Marine  
  41  6:36  Marine  
  41  6:38  Marine, SCV  
  44  6:46  Marine  
  45  6:48  Marine  
  46  6:54  Marine  
  46  6:56  Marine  
  48  7:04  Marine  
  48  7:05  Command Center  
  18  8:42  SCV  
  19  8:54  SCV  
  20  9:06  SCV  
  22  9:24  Refinery x2  
Show
View Real Time Build Order
Export as new Build Order

FagenLuck Terran - Winner!

Build Orders:  

Get SALT Encoding   

  12  0:00  SCV  
  13  0:12  SCV  
  14  0:19  Supply Depot  
  14  0:25  SCV  
  15  0:31  Refinery  
  15  0:44  Barracks  
  15  0:47  SCV  
  16  0:59  SCV  
  17  1:11  SCV  
  17  1:15  Barracks  
  18  1:22  Supply Depot  
  18  1:25  SCV  
  19  1:39  Barracks Reactor  
  19  1:40  Orbital Command  
  19  1:58  Supply Depot  
  19  2:04  Barracks Reactor  
  19  2:15  Marine x2  
  21  2:23  Barracks  
  21  2:26  SCV  
  22  2:32  Engineering Bay  
  22  2:33  Marine x2  
  24  2:40  Marine x2  
  26  2:50  Marine  
  26  2:51  Marine  
  28  2:58  Marine x2  
  30  3:08  Marine x2  
  32  3:25  Missile Turret  
  32  3:28  Barracks Tech Lab  
  32  3:42  Command Center  
  32  3:45  Missile Turret  
  32  3:50  Combat Shield  
  32  4:06  Missile Turret  
  25  4:48  Marauder  
  25  4:49  Marine x2  
  25  4:51  Marine x2  
  30  4:56  SCV  
  30  4:58  Refinery  
  31  5:01  Orbital Command  
  31  5:07  Marine x2  
  31  5:08  SCV  
  31  5:09  Marine x2  
  31  5:10  Factory, Marauder  
  38  5:20  SCV  
  39  5:25  Marine x2  
  39  5:27  Marine x2  
  39  5:28  Concussive Shells  
  43  5:32  SCV  
  44  5:37  SCV  
  45  5:43  Marine x2  
  45  5:44  Marine, SCV, Marauder  
  45  5:45  Marine  
  45  5:49  SCV  
  53  5:50  Supply Depot x2  
  53  5:56  SCV  
  54  6:05  Starport  
  54  6:08  Starport  
  54  6:11  SCV  
  54  6:15  Refinery  
  54  6:16  SCV  
  56  6:20  Refinery  
  56  6:23  SCV  
  57  6:28  Supply Depot, SCV  
  57  6:30  Supply Depot  
  58  6:35  SCV  
  59  6:40  SCV  
  58  6:48  Starport Tech Lab, Fusion Core  
  58  6:49  Starport Tech Lab  
  58  6:52  SCV  
  59  6:56  Supply Depot  
  59  6:58  SCV  
  60  7:03  Factory Tech Lab  
  60  7:05  SCV  
  61  7:10  SCV  
  62  7:17  SCV  
  56  7:23  SCV  
  40  7:38  Battlecruiser  
  40  7:39  Battlecruiser  
  40  7:43  Supply Depot, Marauder  
  54  7:44  Marine x2  
  54  7:45  Marine x2  
  58  7:54  Missile Turret  
  58  8:00  Missile Turret  
  56  8:07  Marine x3  
  56  8:08  Marine  
  55  8:14  Missile Turret, SCV  
  55  8:15  SCV  
  56  8:21  Missile Turret  
  56  8:26  SCV  
  57  8:27  SCV  
  57  8:32  Missile Turret  
  58  8:38  SCV  
  58  8:39  SCV  
Show
View Real Time Build Order
Export as new Build Order

zergface Zerg - Winner!

Build Orders: Pool First 

Get SALT Encoding   

  12  0:02  Drone  
  13  0:12  Drone  
  14  0:28  Spawning Pool  
  14  0:31  Drone  
  14  1:04  Overlord  
  14  1:22  Queen  
  14  1:23  Drone x3  
  19  1:37  Zergling x2  
  20  1:46  Extractor  
  19  1:49  Zergling x2  
  20  1:56  Zergling x2  
  21  2:07  Zergling x2  
  22  2:18  Overlord  
  22  2:31  Overlord  
  25  2:37  Zergling x6, Hatchery  
  24  2:47  Extractor  
  24  2:50  Metabolic Boost  
  23  2:53  Zergling x2  
  24  2:58  Zergling x2  
  25  3:19  Zergling x2  
  27  3:20  Zergling x4  
  28  3:32  Lair  
  28  3:33  Drone  
  29  3:36  Drone  
  30  3:48  Zergling x2  
  30  3:55  Zergling x2  
  32  3:58  Drone  
  32  3:59  Queen  
  32  4:01  Drone  
  36  4:07  Zergling x6  
  39  4:14  Drone  
  34  4:35  Zergling x2  
  34  4:36  Zergling x10  
  37  4:47  Drone x2  
  37  4:51  Drone  
  38  5:05  Zergling x4  
  38  5:06  Zergling x2  
  38  5:46  Zergling x6  
  38  5:47  Zergling x4  
  38  6:07  Zergling x2  
  38  6:09  Zergling x6  
  38  6:13  Zergling x2  
  38  6:26  Zergling x2  
  38  6:28  Zergling x2  
  40  6:48  Zergling x2  
  40  6:49  Zergling x6  
  40  6:51  Overlord  
  44  7:03  Overlord  
  44  7:06  Overlord x2  
  44  7:16  Drone x2  
  46  7:32  Zergling x2  
  46  7:33  Zergling x4  
  46  7:34  Zergling x4  
  46  7:35  Zergling x2  
  52  7:38  Zergling x2  
  52  7:39  Zergling x2  
  36  8:18  Spire  
  35  8:35  Overseer  
  35  8:45  Overseer  
  35  8:46  Overlord x2  
  27  9:07  Drone  
  27  9:08  Drone x4  
  27  9:09  Drone  
  33  9:10  Drone  
  33  9:11  Drone  
Tags
 
Add a new tag
Caveats
  • Supply blocks, unpowered buildings, or Contaminate may cause inaccurate times.
  • Supply counts are checked every 10 seconds.